Description

It's a strong current meta build

Build Order

Get SALT Encoding   

  12  0:01  Drone  
  13  0:13  Overlord  
  13  0:18  Drone  
  14  0:31  Drone x3  
  17  0:45  Drone  
  18  0:58  Hatchery  
  18  1:02  Drone  
  18  1:06  Extractor  
  17  1:18  Drone x2  
  17  1:21  Spawning Pool  
  18  1:33  Drone  
  19  1:43  Overlord  
  20  2:07  Queen x2  
  22  2:08  Zergling x4  
  27  2:18  Metabolic Boost  Stop mining Gas until 3:30
  31  2:44  Hatchery  
  30  2:47  Queen  
  32  2:52  Overlord  
  33  3:03  Overlord  
  43  3:42  Spore Crawler x2  for Safety vs Oracles / Phoenix
  43  3:48  Overlord  
  44  3:55  Evolution Chamber  for +1 Melee before Lair
  43  3:58  Queen  
  48  4:09  Spore Crawler, Zergling x8  
  52  4:19  Extractor x2  Additional gas once at we are approaching Mineral Saturation
  59  4:38  Zerg Melee Weapons Level 1  
  62  4:55  Zergling x8  
  62  4:56  Baneling Nest  In time vs Adept follow ups
  65  5:02  Lair  
  72  5:20  Queen  
  78  5:30  Queen  
  89  5:44  Extractor  
  91  6:16  Extractor  
  91  6:18  Centrifical Hooks  As soon as Lair is done
  95  6:21  Hydralisk Den  
  97  6:25  Hatchery  
  97  6:27  Extractor  
  97  6:34  Baneling x10  
  97  6:38  Spore Crawler  
  103  7:03  Muscular Augments  As soon as Hydraden is done
  103  7:09  Hydralisk x6, Hatchery  
  114  7:21  Overseer, Pneumatized Carapace  
  114  7:23  Hydralisk x2  
  118  7:42  Hydralisk x2  
Spawning Tool Build Advisor. Get it on Overwolf

Go to:

Details

  • Created by: Frostwolf
  • Published on: Dec 27, 2017
  • Modified on: Dec 27, 2017
  • Patch: 4.0.0
Show
View Real Time Build Order
Export as new Build Order

Comments (0)

There are no comments. Be the first!

Create an account to comment!